 Seeded DCSS version 0.30-a0-585-g93115170b9 (webtiles) character file.

Game seed: 20221231 (custom seed)

294889 avis the Crack Shot (level 19, -14/160 HPs)
             Began as a Demigod Ice Elementalist on Dec 31, 2022.
             Killed from afar by a deep elf sorcerer (36 damage)
             ... with damnation
             ... on level 3 of the Elven Halls on Jan 2, 2023.
             The game lasted 07:56:23 (50479 turns).

avis the Crack Shot (Demigod Ice Elementalist)     Turns: 50479, Time: 07:56:23

Health: -14/160    AC: 28    Str:  9    XL:     19   Next: 27%
Magic:  23/27      EV: 47    Int: 23    God:
Gold:   671        SH:  0    Dex: 49    Spells: 13/24 levels left

rFire   + . .      SeeInvis +    b - +8 storm bow {elec, penet}
rCold   + . .      Faith    .    (shield currently unavailable)
rNeg    . . .      Spirit   .    I - +5 steam dragon scales
rPois   +          Reflect  .    x - +2 helmet
rElec   +          Harm     .    J - +0 cloak of a bailey {rPois rF+ rC+ Stlth-}
rCorr   .          Rampage  .    l - +0 pair of gloves
Will    +....                    Z - +1 pair of boots
Stlth   ++++++                   L - amulet of regeneration
HPRegen 0.00/turn                R - ring "Fuwuc" {rElec AC+4 Dex+9 SInv}
MPRegen 0.20/turn                H - +6 ring of intelligence

@: ice-armoured, sick, studying Transmutations
A: high MP 1, forlorn, divine attributes, thin skeletal structure 1
}: 2/15 runes: decaying, gossamer
a: no special abilities


You were on level 3 of the Elven Halls.
You visited 7 branches of the dungeon, and saw 34 of its levels.
You visited the Abyss 2 times.
You also visited: Sewer, Ossuary, Gauntlet and Volcano.

You collected 6619 gold pieces.
You spent 5948 gold pieces at shops.

Inventory:

Hand Weapons
 a - the +12 pair of quick blades "Gyre" and "Gimble" {protect}
   (You bought it in a shop on level 14 of the Dungeon)

   It grants its wielder temporary protection when it strikes (+7 to AC).
 b - the +8 storm bow (weapon) {elec, penet}
   (You found it on level 6 of the Dungeon)

   Any ammunition fired from it occasionally discharges a powerful burst of
   electricity upon striking a foe.
   Any ammunition fired by it passes through the targets it hits, potentially
   hitting all targets in its path until it reaches maximum range.
 k - a +0 dagger of venom
 t - a +4 heavy dire flail
 w - a +1 rapier of holy wrath
Missiles
 r - 6 atropa-tipped darts
 D - 5 throwing nets
Armour
 c - a +2 buckler
 l - a +0 pair of gloves (worn)
 x - a +2 helmet (worn)
 I - +5 steam dragon scales (worn)
 J - the +0 cloak of a bailey (worn) {rPois rF+ rC+ Stlth-}
   (You found it in a Gauntlet)

   rF:        It protects you from fire.
   rC:        It protects you from cold.
   rPois:     It protects you from poison.
   Stlth:     It makes you less stealthy.
 Z - a +1 pair of boots (worn)
Jewellery
 B - a ring of flight
 H - a +6 ring of intelligence (right hand)
 L - an amulet of regeneration (around neck)
 R - the ring "Fuwuc" (left hand) {rElec AC+4 Dex+9 SInv}
   (You took it off a spriggan on level 4 of the Swamp)

   [ring of protection]

   AC:        It affects your AC (+4).
   Dex:       It affects your dexterity (+9).
   rElec:     It insulates you from electricity.
   SInv:      It lets you see invisible.
Wands
 d - a wand of mindburst (21)
 i - a wand of charming (33)
 y - a wand of flame (38)
 M - a wand of iceblast (7)
 N - a wand of digging (5)
 X - a wand of light (31)
 Y - a wand of polymorph (27)
Scrolls
 e - 19 scrolls of teleportation
 f - 6 scrolls of summoning
 h - 6 scrolls of magic mapping
 v - 7 scrolls of fog
 z - 6 scrolls of poison
 F - 2 scrolls of silence
 O - 3 scrolls of blinking
 P - 8 scrolls of fear
 S - a scroll of identify
 U - a scroll of amnesia
Potions
 g - 5 potions of curing
 j - 2 potions of cancellation
 m - 15 potions of might
 n - 5 potions of heal wounds
 o - 3 potions of magic
 p - a potion of invisibility
 q - 4 potions of berserk rage
 u - 7 potions of brilliance
 A - 2 potions of mutation
 K - 2 potions of flight
 Q - 2 potions of resistance
 W - 10 potions of ambrosia
Miscellaneous
 s - a lightning rod (4/4)
 C - a phial of floods
 E - a piece from Xom's chessboard (15/15)
 G - a phantom mirror
 T - a box of beasts


   Skills:
 * Level 12.2 Fighting
 - Level 8.0 Short Blades
 - Level 22.0 Ranged Weapons
 + Level 18.5 Dodging
 - Level 10.0 Stealth
 - Level 3.0 Spellcasting
 - Level 4.0 Transmutations
 - Level 7.0 Ice Magic
 - Level 5.0 Evocations


You had 13 spell levels left.
You knew the following spells:

 Your Spells              Type           Power      Damage    Failure   Level
a - Freeze                Ice            100%       1d10      1%          1
c - Passwall              Tmut/Erth      10%        N/A       8%          2
e - Wereblood             Tmut           21%        N/A       3%          2
o - Ozocubu's Armour      Ice            35%        N/A       1%          3
r - Frozen Ramparts       Ice            70%        1d11      1%          3

Your spell library contained the following spells:

 Spells                   Type           Power      Damage    Failure   Level
 Beastly Appendage        Tmut           42%        N/A       2%          1
 Apportation              Tloc           6%         N/A       12%         1
 Foxfire                  Conj/Fire      12%        2x1d4     12%         1
 Sandblast                Erth           6%         2d5       12%         1
 Slow                     Hex            12%        N/A       12%         1
 Summon Small Mammal      Summ           12%        N/A       12%         1
 Ice Form                 Ice/Tmut       28%        N/A       12%         4
 Spider Form              Tmut/Pois      12%        N/A       16%         3
 Cigotuvi's Dreadful Rot  Necr/Pois/Air  6%         N/A       17%         2
 Poisonous Vapours        Pois/Air       6%         N/A       17%         2
 Static Discharge         Conj/Air       6%         2-3/arc   17%         2
 Ignite Poison            Fire/Tmut/Pois 9%         N/A       21%         3
 Summon Ice Beast         Ice/Summ       19%        N/A       26%         4
 Confusing Touch          Hex            3%         N/A       34%         3
 Dazzling Flash           Conj/Hex       6%         N/A       34%         3
 Mephitic Cloud           Conj/Pois/Air  3%         N/A       34%         3
 Stone Arrow              Conj/Erth      6%         3d7       34%         3
 Vampiric Draining        Necr           3%         2d6       34%         3
 Vhi's Electric Charge    Tloc/Air       6%         N/A       34%         3
 Cause Fear               Hex            1%         N/A       75%         4
 Dispel Undead            Necr           3%         3d7       75%         4
 Iskenderun's Mystic Bla  Conj/Tloc      3%         2d3       75%         4
 Sticky Flame             Conj/Fire      3%         2d3       75%         4
 Alistair's Intoxication  Tmut/Pois      8%         N/A       80%         5
 Irradiate                Conj/Tmut      6%         3d13      80%         5
 Yara's Violent Unravell  Hex/Tmut       6%         3d5       80%         5
 Arcjolt                  Conj/Air       1%         1d11      97%         5
 Lightning Bolt           Conj/Air       1%         1d12      97%         5
 Death Channel            Necr           1%         N/A       100%        6
 Starburst                Conj/Fire      1%         6d3       100%        6
 Statue Form              Tmut/Erth      8%         N/A       100%        6
 Dragon Form              Tmut           10%        N/A       100%        7
 Borgnjor's Revivificati  Necr           1%         N/A       100%        8
 Ignition                 Fire           1%         3d3       100%        8
 Necromutation            Tmut/Necr      6%         N/A       100%        8
 Death's Door             Necr           1%         N/A       100%        9
 Dragon's Call            Summ           1%         N/A       100%        9
 Fire Storm               Conj/Fire      1%         8d1       100%        9


Dungeon Overview and Level Annotations

Branches:
Dungeon (15/15)            Temple (1/1) D:4            Lair (5/5) D:11
  Swamp (4/4) Lair:3       Spider (4/4) Lair:3        Slime (0/5) Lair:4
    Orc (2/2) D:11            Elf (3/3) Orc:2        Vaults (0/5) D:14
 Depths (0/4) D:15          Sewer (visited)         Ossuary (visited)
Volcano (visited)         Gauntlet (visited)

Shops:
D:1 :   D:5 (   D:12 *   D:14 (   Orc:2 **!=[   Elf:3 [*[

Annotations:
Elf:2 1 runed translucent door


Innate Abilities, Weirdness & Mutations

You have an increased reservoir of magic. (+10% MP)
You shall have no god before yourself.
Your divine heritage dramatically boosts your attributes as you level up.
You have a somewhat thin skeletal structure. (Dex +2, Stealth+)


Message History

Aim: a +2 halberd of distortion (70% to hit)
You shoot an arrow.
The arrow pierces through the +2 halberd of distortion!!
The +2 halberd of distortion is almost destroyed.
The deep elf sorcerer gestures at you while chanting.
The sphere of damnation explodes!
The damnation engulfs you!!
* * * LOW HITPOINT WARNING * * *
The +2 halberd of distortion completely misses you.
You hear a shout!
You feel much better.
The deep elf sorcerer gestures at you while chanting.
The sphere of damnation explodes!
The damnation engulfs you!!
* * * LOW HITPOINT WARNING * * *
The +2 halberd of distortion completely misses you.
Fire: b) +8 storm bow {elec, penet}
Press: ? - help, Q - select action, (/) - cycle Shift-Dir - straight line, f/p - +2 halberd of distortion
Aim: a +2 halberd of distortion (almost destroyed, 70% to hit)
You shoot an arrow.
The arrow barely misses the +2 halberd of distortion.
The +2 halberd of distortion barely misses you.
The deep elf sorcerer points at you and mumbles some strange words.
You resist the pull of the Abyss.
Fire: b) +8 storm bow {elec, penet}
Press: ? - help, Q - select action, (/) - cycle Shift-Dir - straight line, f/p - +2 halberd of distortion
Aim: a +2 halberd of distortion (almost destroyed, 70% to hit)
You shoot an arrow.
The arrow pierces through the +2 halberd of distortion!!
The +2 halberd of distortion falls from the air.
Fire: b) +8 storm bow {elec, penet}
Press: ? - help, Q - select action, (/) - cycle Shift-Dir - straight line, f - deep elf annihilator
Aim: a deep elf annihilator, wielding a +2 dagger of electrocution (spells empowered, 78% to hit)
You shoot an arrow.
The arrow pierces through the deep elf sorcerer!
Lightning courses through the deep elf sorcerer!
The deep elf sorcerer is almost dead.
The arrow pierces through the deep elf annihilator!
The deep elf annihilator is lightly wounded.
The deep elf sorcerer points at you and mumbles some strange words.
The sphere of damnation explodes!
The damnation engulfs you!!!
You die...

*,,,,,,,* ####..#.#....#.###
*,,,,,,,**######....#..#..##.....
**,,,.,,,* ....#.#..#...##....###
*,,,..[.###[.)#.#.#........#.###
**,,,...))ee...#...#........#.#..
*,,,,.....)#[).#.#....##...#..###
*,,,,.....,#........##..#..#..#..
,,,,,....,,##.)....#....#.#...##.
,,,,,...,,**#...@..#.#.#..#.#.##.
,,,,,$e,,,* #.....#....#..)......
,,,⌠,.,,,** #.....#..##....##)#.#
,,,,,,,,,* #.....#.#..###.##...#
,,,,,,,,** #.........## #.###.#.
,,,,,,,** #...####### #.##..#.
,,,,,,** ##### #.##.#.. ,,,,,**
#.##.#.# ,,,*** #.......


You could see a deep elf annihilator (empowered) and a deep elf sorcerer
(empowered).

Vanquished Creatures
  Arachne (Spider:3)
  Rupert (Lair:4)
  2 deep elf blademasters (Elf:3)
  A tentacled starspawn (Abyss:4)
  The ghost of BubbleThief the Earth Mage, an adept DrCj of Vehumet (Swamp:3)
  Frances (D:12)
  3 thorn hunters
  Kirke (D:13)
  The ghost of Kacaoki the Warrior, an adept MiBe of Trog (Swamp:3)
  Roxanne (Swamp:2)
  A fenstrider witch (Swamp:2)
  Aizul (Swamp:2)
  4 emperor scorpions
  5 deep elf sorcerers (Elf:3)
  5 ghost moths
  2 ghouls (Swamp:4)
  2 deep elf elementalists (Elf:3)
  A very ugly thing (Abyss:4)
  An orc warlord (Orc:2)
  2 broodmothers
  A stone giant (Orc:1)
  3 deep elf demonologists (Elf:3)
  Azrael (Spider:1)
  6 eleionomae
  A minotaur (Gauntlet)
  A dire elephant (Lair:5)
  8 bunyips
  A spark wasp (Spider:2)
  2 starcursed masses (Abyss:4)
  4 deep elf annihilators (Elf:3)
  4 fire dragons
  2 deep elf death magi (Elf:3)
  Harold (Lair:2)
  2 entropy weavers (Spider:4)
  3 deep elf high priests (Elf:3)
  Fannar (Lair:2)
  21 hydras
  A vault guard (D:14)
  3 ghost crabs
  A radroach (Spider:3)
  6 jorogumos
  3 ogre magi
  17 two-headed ogres
  33 dancing weapons
  6 boulder beetles
  4 centaur warriors
  8 death scarabs (Spider:4)
  10 alligators
  A tengu warrior (D:15)
  5 thrashing horrors (Abyss:4)
  21 deep elf knights
  4 hell knights (Abyss:4)
  8 pharaoh ants
  Amaemon (D:10)
  Lodul (D:12)
  7 goliath frogs
  A sixfirhy (Gauntlet)
  4 spriggan druids
  Nergalle (Lair:1)
  5 skeletal warriors (D:15)
  A wretched star (Abyss:4)
  A sun moth (Spider:3)
  2 spatial maelstroms (Abyss:4)
  A death drake (Swamp:3)
  2 deep trolls (Orc:2)
  16 deep elf archers
  8 orb spiders
  5 swamp dragons
  3 lindwurms (Swamp:4)
  12 steelbarb worms
  10 wizards
  A spectral wolf spider (Spider:4)
  A spectral jorogumo (Spider:4)
  3 bog bodies
  2 orc knights (Orc:1)
  2 necromancers
  29 deep elf pyromancers
  17 deep elf zephyrmancers
  5 orc sorcerers
  25 wolf spiders
  4 manticores
  5 ugly things
  2 will-o-the-wisps
  3 moths of wrath (Spider:4)
  5 cyclopes
  5 toenail golems (Volcano)
  11 elephants (Lair:3)
  Maurice (Orc:2)
  A black mamba (Lair:4)
  2 gargoyles
  An apocalypse crab (Abyss:4)
  A smoke demon (Abyss:4)
  4 orange demons
  3 demonic crawlers
  4 torpor snails
  2 unseen horrors
  A rime drake (Lair:5)
  12 cane toads
  4 spectral redbacks (Spider:4)
  5 kobold demonologists
  3 freezing wraiths
  6 komodo dragons
  2 minotaur zombies (Gauntlet)
  4 tengu conjurers
  2 ancient zymes (Abyss:4)
  A komodo dragon (shapeshifter) (Elf:1)
  2 ice devils (Lair:1)
  18 trolls
  6 meliai (Spider:2)
  A harpy skeleton (Abyss:4)
  9 polar bears (Lair:5)
  3 spectral tarantellas (Spider:4)
  7 large abominations (Abyss:4)
  4 spectral jumping spiders (Spider:4)
  2 spectral culicivoras (Spider:4)
  A blink frog (shapeshifter) (Elf:1)
  8 hornets
  A raiju (Lair:5)
  36 tarantellas
  11 tyrant leeches
  A culicivora zombie (Spider:4)
  2 tarantella zombies (Spider:4)
  3 jumping spider zombies (Spider:4)
  25 blink frogs
  A meliai zombie (D:15)
  31 jumping spiders
  A flying skull (Abyss:4)
  A culicivora (shapeshifter) (Elf:3)
  10 spriggans
  2 wyverns
  11 slime creatures
  2 vampires (D:10)
  3 wraiths
  17 culicivoras
  3 air elementals
  8 fire elementals
  2 shadows
  2 ynoxinuls (Abyss:4)
  2 water elementals (Elf:1)
  25 yaks
  51 redbacks
  8 steam dragons
  8 hogs
  A human (D:10)
  A chaos spawn (Abyss:4)
  17 vampire mosquitoes
  6 basilisks
  2 neqoxecs (Abyss:4)
  Menkaure (Ossuary)
  17 swamp worms
  A spatial vortex (Abyss:4)
  5 acid dragons
  9 wargs
  Edmund (D:6)
  A naga (shapeshifter) (D:15)
  18 hell hounds
  16 black bears
  3 ice beasts
  14 orc warriors
  11 swamp drakes
  6 water moccasins
  3 sky beasts (D:11)
  35 ogres
  14 centaurs
  23 wolves
  3 phantoms
  12 kobold brigands
  11 bullfrogs
  3 gnoll sergeants
  3 necrophages
  3 small abominations (Abyss:4)
  3 earth elementals
  5 scorpions
  8 wights (D:9)
  16 killer bees
  A troll zombie (Ossuary)
  5 howler monkeys
  5 electric eels (Lair:3)
  A crimson imp (Abyss:4)
  6 lava snakes
  4 centaur zombies
  9 hounds
  2 human zombies (Ossuary)
  8 jellies
  15 orc priests
  A gnoll bouda (D:8)
  5 iguanas
  Ijyb (D:5)
  32 orc wizards
  3 ogre zombies (Ossuary)
  6 mummies (Ossuary)
  14 gnolls
  7 adders
  A shadow imp (D:8)
  A white imp (D:8)
  3 ufetubi
  2 adder zombies (Ossuary)
  5 worms
  4 dart slugs
  56 orcs
  8 endoplasms
  2 giant cockroaches
  11 goblins
  8 hobgoblins
  4 jackals
  33 kobolds
  2 quokkas
  3 training dummies (D:5)
  8 ball pythons
  3 bats
  4 frilled lizards
  3 goblin zombies (Ossuary)
  4 hobgoblin zombies (Ossuary)
  2 kobold zombies (Ossuary)
  2 orc zombies (Ossuary)
  3 quokka zombies (Ossuary)
  14 rats
  7 rat zombies (Ossuary)
  A bush (D:7)
  A butterfly (Swamp:1)
  A starspawn tentacle (Abyss:4)
1411 creatures vanquished.

Vanquished Creatures (others)
  4 foxfires
  46 fungi
  106 plants
  2 starspawn tentacles (Abyss:4)
  3 withered plants (Swamp:3)
161 creatures vanquished.

Grand Total: 1572 creatures vanquished

Notes
Turn   | Place    | Note
-------+----------+-------------------------------------------
     0 | D:1      | avis the Demigod Ice Elementalist began the quest for the
                  | Orb.
     0 | D:1      | Reached XP level 1. HP: 14/14 MP: 5/5
   180 | D:1      | Found Liumukasch's Book Emporium.
   188 | D:1      | Reached XP level 2. HP: 20/20 MP: 2/7
   433 | D:1      | Reached XP level 3. HP: 19/26 MP: 1/9
   547 | D:1      | Learned a level 3 spell: Frozen Ramparts
  1077 | D:2      | Learned a level 3 spell: Ozocubu's Armour
  1190 | D:2      | Reached skill level 1 in Fighting
  1490 | D:2      | Identified the +8 short sword "Docaceh" {spect, rCorr Str-4
                  | Int+8 Stlth+}
  1703 | D:2      | Reached XP level 4. HP: 36/36 MP: 3/10
  2053 | D:3      | Reached skill level 1 in Ranged Weapons
  2074 | D:3      | Found a glowing drain.
  2096 | Sewer    | Entered a sewer
  2186 | Sewer    | Noticed a kobold brigand
  2200 | Sewer    | Killed a kobold brigand
  2201 | Sewer    | Reached skill level 2 in Ranged Weapons
  2201 | Sewer    | Reached XP level 5. HP: 31/41 MP: 5/11
  2549 | Sewer    | Reached XP level 6. HP: 29/50 MP: 9/12
  3087 | D:3      | Reached skill level 3 in Ranged Weapons
  3728 | D:4      | Reached skill level 4 in Ranged Weapons
  3728 | D:4      | Reached XP level 7. HP: 57/57 MP: 7/13
  4137 | D:4      | Found a staircase to the Ecumenical Temple.
  4146 | Temple   | Entered the Ecumenical Temple
  4432 | D:5      | Entered Level 5 of the Dungeon
  4432 | D:5      | Noticed Ijyb
  4439 | D:5      | Killed Ijyb
  4440 | D:5      | Reached skill level 5 in Dodging
  4805 | D:5      | Found a sand-covered staircase.
  4814 | Ossuary  | Entered an ossuary
  5162 | Ossuary  | Noticed Menkaure
  5187 | Ossuary  | Reached XP level 8. HP: 44/66 MP: 14/14
  5192 | Ossuary  | Killed Menkaure
  5193 | Ossuary  | Reached skill level 5 in Ranged Weapons
  5464 | D:5      | Reached skill level 6 in Ranged Weapons
  5582 | D:5      | Found Suexze's Firing Range.
  5614 | D:5      | Bought a +0 triple crossbow for 140 gold pieces
  6564 | D:6      | Found the +8 storm bow {elec, penet}
  6587 | D:6      | Reached XP level 9. HP: 71/71 MP: 16/16
  6730 | D:6      | Reached skill level 5 in Fighting
  7252 | D:6      | Noticed Edmund
  7262 | D:6      | Killed Edmund
  7547 | D:7      | Reached skill level 7 in Ranged Weapons
  7909 | D:7      | Reached skill level 8 in Ranged Weapons
  8783 | D:8      | Identified the +0 robe "Upuah" {rCorr MP+9 Dex+5}
  9225 | D:9      | Noticed a kobold demonologist
  9226 | D:9      | Noticed a kobold demonologist
  9230 | D:9      | Killed a kobold demonologist
  9231 | D:9      | Killed a kobold demonologist
  9232 | D:9      | Reached skill level 9 in Ranged Weapons
  9232 | D:9      | Reached XP level 10. HP: 74/81 MP: 17/17
 10493 | Temple   | Identified a scroll of acquirement
 10497 | Temple   | Acquired 471 gold pieces
 11027 | D:10     | Entered Level 10 of the Dungeon
 11176 | D:10     | Reached skill level 10 in Ranged Weapons
 11776 | D:10     | Noticed Amaemon
 11824 | D:10     | Killed Amaemon
 12082 | D:10     | Reached skill level 11 in Ranged Weapons
 12195 | D:10     | Reached XP level 11. HP: 86/86 MP: 7/18
 12216 | D:10     | Reached skill level 10 in Dodging
 13189 | D:11     | Reached skill level 12 in Ranged Weapons
 13242 | D:11     | Identified the +1 dagger of the Ecumenical Temple {spect,
                  | *Noise Will- rCorr SInv}
 13440 | D:11     | Identified the +9 morningstar "Lodgheucw" {heavy, *Noise
                  | rC+ Will+ SInv}
 13487 | D:11     | Reached skill level 5 in Ice Magic
 13700 | D:11     | Noticed a boulder beetle
 13712 | D:11     | Killed a boulder beetle
 13870 | D:11     | Found a staircase to the Orcish Mines.
 13975 | D:11     | Found a staircase to the Lair.
 14415 | Lair:1   | Entered Level 1 of the Lair of Beasts
 15299 | Lair:1   | Noticed Nergalle
 15313 | Lair:1   | Killed Nergalle
 15339 | Lair:1   | Reached XP level 12. HP: 96/96 MP: 16/20
 15455 | Lair:1   | Reached skill level 13 in Ranged Weapons
 16663 | Lair:2   | Noticed a boulder beetle
 16671 | Lair:2   | Killed a boulder beetle
 16828 | Lair:2   | Identified the +1 trident of Subjectivity {antimagic, rF+}
 16928 | Lair:2   | Noticed Harold
 16938 | Lair:2   | Killed Harold
 17173 | Lair:2   | Noticed Fannar
 17221 | Lair:2   | Killed Fannar
 17279 | Lair:2   | Reached skill level 14 in Ranged Weapons
 18248 | Lair:3   | Noticed a six-headed hydra
 18254 | Lair:3   | Killed a six-headed hydra
 18547 | Lair:3   | Found a staircase to the Swamp.
 19133 | Lair:3   | Found a hole to the Spider Nest.
 19407 | Orc:1    | Entered Level 1 of the Orcish Mines
 19547 | Orc:2    | Entered Level 2 of the Orcish Mines
 19554 | Orc:2    | Found Wockeg's Antique Armour Boutique.
 19558 | Orc:2    | Found a staircase to the Elven Halls.
 19565 | Orc:2    | Reached skill level 15 in Ranged Weapons
 19584 | Orc:2    | Noticed an orc warlord
 19585 | Orc:2    | Reached XP level 13. HP: 91/102 MP: 21/21
 19605 | Orc:2    | Killed an orc warlord
 19710 | Orc:2    | Found a gate leading to a gauntlet.
 19714 | Orc:2    | HP: 3/102 [two-headed ogre/+0 giant club (10)]
 19715 | Gauntlet | Entered a Gauntlet
 19715 | Gauntlet | Found a transporter.
 19715 | Gauntlet | Found a transporter.
 19715 | Gauntlet | Found a transporter.
 19739 | Gauntlet | Found a transporter.
 19755 | Gauntlet | Found a transporter.
 19758 | Gauntlet | Found a transporter.
 19774 | Gauntlet | Found a transporter.
 19792 | Gauntlet | Found a runed translucent gate.
 19793 | Gauntlet | Found a transporter.
 19793 | Gauntlet | Found a runed translucent gate.
 19794 | Gauntlet | Found a runed translucent gate.
 19796 | Gauntlet | Found a transporter.
 19799 | Gauntlet | Found a transporter.
 19822 | Gauntlet | Found a transporter.
 19822 | Gauntlet | Found a transporter.
 20137 | Gauntlet | Identified the +0 cloak of a bailey {rPois rF+ rC+ Stlth-}
 20163 | Gauntlet | Noticed a minotaur
 20170 | Gauntlet | Killed a minotaur
 20204 | Gauntlet | Identified the +1 pair of boots "Aber" {Harm Rampage rN+
                  | Str+2}
 20205 | Gauntlet | Got the Papyrus of Generative Flames
 20221 | Gauntlet | Reached skill level 16 in Ranged Weapons
 20768 | Orc:1    | Found a transporter.
 20791 | Orc:1    | Found a transporter.
 20791 | Orc:1    | Noticed a stone giant
 21067 | Orc:2    | Noticed Maurice
 21086 | Orc:2    | Killed Maurice
 21366 | Orc:2    | Found Keywugh's General Store.
 21400 | Orc:2    | Found Diezapong's Jewellery Shop.
 21400 | Orc:2    | Found Noku's Assorted Antiques.
 21416 | Orc:2    | Found Jinu's Distillery.
 21452 | Orc:2    | Bought a scroll of identify for 52 gold pieces
 21452 | Orc:2    | Bought a scroll of identify for 52 gold pieces
 21458 | Orc:2    | Bought a scroll of identify for 36 gold pieces
 21463 | Orc:2    | Bought an amulet of regeneration for 330 gold pieces
 21560 | Orc:2    | Bought a white potion for 23 gold pieces
 21560 | Orc:2    | Bought a scroll of enchant armour for 195 gold pieces
 21564 | Orc:2    | Bought a scroll of brand weapon for 247 gold pieces
 21564 | Orc:2    | Bought a scroll of silence for 247 gold pieces
 21624 | Orc:2    | Bought a pair of embroidered boots for 195 gold pieces
 21725 | Lair:1   | Upgraded the game from 0.30-a0-578-gdee14c521f to
                  | 0.30-a0-585-g93115170b9
 22177 | Lair:3   | Reached skill level 17 in Ranged Weapons
 22220 | Lair:3   | Reached XP level 14. HP: 99/110 MP: 15/22
 22257 | Lair:4   | Noticed Rupert
 22299 | Lair:4   | Found a staircase to the Slime Pits.
 22314 | Lair:4   | Killed Rupert
 22719 | Lair:4   | Identified the +12 flail of Mourning {venom, +Blink rElec
                  | rF+}
 23004 | Lair:5   | Entered Level 5 of the Lair of Beasts
 23005 | Lair:5   | Found a dark tunnel.
 23025 | Volcano  | Entered a volcano
 24339 | Lair:5   | Reached skill level 18 in Ranged Weapons
 25616 | D:12     | Found Velo's Assorted Antiques.
 25960 | D:12     | Identified the +9 dire flail "Sianott" {flame, Drain Will+
                  | Int+4 Dex+4}
 26537 | D:12     | Noticed Frances
 26544 | D:12     | Killed Frances
 26582 | D:12     | Noticed Lodul
 26595 | D:12     | Killed Lodul
 27163 | D:12     | Bought a scroll of acquirement for 1456 gold pieces
 27167 | D:12     | Acquired 653 gold pieces
 27297 | D:13     | Noticed Kirke
 27304 | D:13     | Killed Kirke
 28399 | D:14     | Reached XP level 15. HP: 115/115 MP: 19/23
 28529 | D:14     | Found a gate to the Vaults.
 28616 | D:14     | Found Ycaiqaf's Antique Weapon Shop.
 28720 | D:14     | Reached skill level 19 in Ranged Weapons
 28944 | D:14     | You fall into a shaft and drop 1 floor!
 28944 | D:15     | Entered Level 15 of the Dungeon
 29045 | D:14     | Learned a level 2 spell: Wereblood
 29239 | D:15     | Reached skill level 1 in Transmutations
 29338 | D:15     | Reached skill level 15 in Dodging
 30325 | D:15     | Found a staircase to the Depths.
 30738 | Elf:1    | Entered Level 1 of the Elven Halls
 31104 | Elf:1    | Reached skill level 20 in Ranged Weapons
 32939 | Swamp:1  | Entered Level 1 of the Swamp
 32944 | Swamp:1  | Identified the +0 kite shield of the Dancing Gods {rPois
                  | rN+++ Will- Int-2}
 33113 | Swamp:1  | Reached XP level 16. HP: 85/122 MP: 22/24
 33944 | Spider:1 | Entered Level 1 of the Spider Nest
 34196 | Spider:1 | Noticed Azrael
 34208 | Spider:1 | Killed Azrael
 34299 | Spider:1 | Identified the ring "Qaonnuc" {Ice Int+3}
 34389 | Spider:1 | Reached skill level 21 in Ranged Weapons
 36265 | Swamp:2  | Identified Roxanne's Volume of Changes
 36265 | Swamp:2  | Noticed Roxanne
 36400 | Swamp:2  | Noticed Aizul
 36425 | Swamp:2  | Killed Aizul
 36475 | Swamp:2  | Killed Roxanne
 37341 | Spider:1 | Learned a level 2 spell: Passwall
 38686 | Swamp:3  | Reached skill level 22 in Ranged Weapons
 38797 | Swamp:3  | Reached XP level 17. HP: 129/129 MP: 20/25
 38922 | Swamp:3  | Found a runed translucent gate.
 38922 | Swamp:3  | Found a runed translucent gate.
 38922 | Swamp:3  | Found a runed translucent gate.
 38932 | Swamp:3  | Noticed BubbleThief's ghost (adept DrCj)
 38932 | Swamp:3  | Noticed Kacaoki's ghost (adept MiBe)
 39276 | Swamp:3  | Killed BubbleThief's ghost
 39278 | Swamp:3  | Killed Kacaoki's ghost
 39544 | Swamp:4  | Entered Level 4 of the Swamp
 40482 | Swamp:4  | Got a decaying rune of Zot
 41090 | Swamp:4  | Identified the ring "Fuwuc" {rElec AC+4 Dex+9 SInv}
 42087 | Spider:3 | Noticed Arachne
 42104 | Spider:3 | Killed Arachne
 42161 | Spider:3 | Reached skill level 10 in Fighting
 43995 | Spider:4 | Entered Level 4 of the Spider Nest
 44425 | Spider:4 | Reached skill level 5 in Stealth
 44479 | Spider:4 | Reached XP level 18. HP: 151/151 MP: 21/26
 45609 | Spider:4 | Got a gossamer rune of Zot
 46006 | D:14     | Bought the +12 pair of quick blades "Gyre" and "Gimble"
                  | {protect} for 2975 gold pieces
 46006 | D:14     | Found the +12 pair of quick blades "Gyre" and "Gimble"
                  | {protect}
 46443 | Elf:2    | Reached skill level 1 in Short Blades
 46541 | Elf:2    | Found a runed translucent door.
 46569 | Elf:2    | Found a runed translucent door.
 46813 | Elf:2    | Identified the +9 flail of Deflation {speed, rElec}
 47083 | Elf:2    | Identified the +14 plate armour of Sorcery {+Blink Regen+
                  | Int-3}
 47951 | Elf:2    | Reached skill level 10 in Stealth
 47993 | Elf:2    | Reached skill level 5 in Short Blades
 49167 | Elf:3    | Entered Level 3 of the Elven Halls
 49180 | Elf:3    | Found Usihe's Armour Emporium.
 49435 | Elf:3    | Found Keilexky's Assorted Antiques.
 49577 | Elf:3    | Reached skill level 1 in Evocations
 49679 | Elf:3    | Found Nuizoh's Antique Armour Boutique.
 50037 | Elf:3    | Identified the +2 quarterstaff "Vataji" {venom, Will+}
 50052 | Elf:3    | Reached XP level 19. HP: 108/151 MP: 23/27
 50054 | Abyss:4  | Cast into level 4 of the Abyss (a deep elf sorcerer)
 50106 | Abyss:4  | Reached skill level 5 in Evocations
 50276 | Abyss:4  | Gained mutation: You have a somewhat thin skeletal
                  | structure. (Dex +2, Stealth+) [a neqoxec]
 50430 | Elf:3    | Escaped the Abyss
 50460 | Abyss:4  | Cast into level 4 of the Abyss (a deep elf sorcerer)
 50464 | Elf:3    | Escaped the Abyss
 50479 | Elf:3    | Killed from afar by a deep elf sorcerer

Illustrated notes

Levels and vault maps discovered:
D:1:      dpeg_arrival_rooms_b, layout_rooms, serial_shops,
          nicolae_shop_crystal, st_stairs_9, minmay_tiny_reverse_x
D:2:      layout_basic
D:3:      layout_loops_ring, mainiacjoe_overflow_surrounded_room,
          nicolae_overflow_ecumenical_swirl, minitemple, portal_sewer_entry_c
D:4:      layout_cave_pools, grunt_temple_overflow_open, kennysheep_mini,
          temple_hall
D:5:      layout_basic, nicolae_ossuary_entry_monument,
          nicolae_shop_firing_range, uniq_ijyb
D:6:      layout_basic, nicolae_ashenzari_panopticon, uniq_edmund
D:7:      layout_basic, mainiacjoe_overflow_alcove_1,
          mainiacjoe_overflow_brackets, serial_curves, eino_curves_04,
          eino_curves_03, kb_lookout_dungeons_type
D:8:      layout_loops_cross, nicolae_grassy_gnolls
D:9:      layout_layer_cave, hellmonk_okawaru_the_only_friend_you_need,
          kennysheep_little_box, minmay_misc_feat_hallway, minmay_holes,
          minmay_misc_feat_more_columns
D:10:     layout_basic, amcnicky_altar_gilded, kennysheep_orc_sif_temple,
          grunt_livestock, hangedman_corner_corridor, uniq_amaemon
D:11:     layout_irregular_city, due_lair_maze_entry_diamond, erik_orc_1,
          hangedman_misty_isle
D:12:     layout_basic, serial_shops, nicolae_shop_hallway_stairs,
          serial_co_window_serial, co_window_cross_1, co_window_paths_b,
          co_window_paths_b, co_window_corner_a, co_window_of_opportunity_a,
          co_window_paths_b, co_window_corner_a, co_window_broadway_c,
          co_window_corner_ca, co_window_corner_b, uniq_frances, uniq_lodul
D:13:     layout_layer_cave, uniq_kirke
D:14:     layout_roguey, david_vaults_5, serial_shops, nicolae_take_the_stairs,
          hangedman_abyss_or_decor_jellyfish_corner, einodemon_barbed_minivault
D:15:     grunt_enter_depths_magical_seal, layout_loops_ring, serial_glass,
          glass_columns_a, glass_columns_b, feat_on_display,
          minmay_strange_pillars
Temple:   nicolae_temple_bog_church
Lair:1:   layout_long_grid, portal_ice_cave_demonic_guard, grunt_megastairs_1,
          uniq_nergalle
Lair:2:   layout_roguey, uniq_fannar, uniq_harold
Lair:3:   layout_concentric_octagons, minmay_swamp_entry_worms,
          spider_nest_entry_funnel_web, nicolae_lair_liquid_snakes
Lair:4:   layout_misc_corridors, nicolae_slime_entry_slimehenge, uniq_rupert
Lair:5:   guppyfry_lair_end_dragon, layout_cave_shapes,
          hangedman_lair_caniforms_friends, basic_altar,
          nicolae_volcano_entry_lava_flow
Swamp:1:  layout_basic_swamp, evilmike_swamp_ruin_house_5,
          nicolae_swamp_frolicking_bunyips
Swamp:2:  nicolae_swamp_ascending_descending, layout_basic_swamp,
          nicolae_swamp_some_circles, infiniplex_staircase_pool, uniq_roxanne,
          uniq_aizul
Swamp:3:  layout_falls_marsh, gammafunk_ghost_cemetery,
          evilmike_swamp_ruin_house_3, swamp_pool1
Swamp:4:  swamp_fiery, layout_basic_swamp, swamp_pool1
Spider:1: layout_chambers, nicolae_spider_altar_of_dancing, uniq_azrael
Spider:2: layout_cave_pods
Spider:3: layout_chambers, uniq_arachne
Spider:4: floodkiller_spider_rune_tomb
Orc:1:    gammafunk_beogh_shrine, layout_diamond_mine
Orc:2:    st_orc_open, layout_diamond_mine, gauntlet_entry_generic,
          serial_shops, shop_fountains, basic_altar, uniq_maurice
Elf:1:    elf_arrival_001, layout_onion_city, minivault_28
Elf:2:    nicolae_elf_blades_splatter_lattice
          [nicolae_blade_entry_splitting_headache], layout_geoelf_grid,
          minivault_11
Elf:3:    minmay_elf_hall_quartered_circle, layout_gridlike, serial_sigils,
          serial_sigils_hangedman_writhe, serial_sigils_hangedman_gut,
          serial_sigils_hangedman_confine, serial_sigils_hangedman_scratch,
          serial_shops, shop, shop, nicolae_shop_overgrown_old_shop,
          guppyfry_elf_castle

Skill      XL: |  1  2  3  4  5  6  7  8  9 10 11 12 13 14 15 16 17 18 19 |
---------------+----------------------------------------------------------+-----
Stealth        | 2 3 5 10 | 10.0
Dodging        | 2 3 4 6 8 9 10 12 13 14 15 17 18 | 18.5
Spellcasting   | 2 3 |  3.0
Ice Magic      | 4 6 7 |  7.0
Fighting       | 2 3 4 5 6 11 12 | 12.2
Ranged Weapons | 2 4 6 9 11 12 15 17 18 20 22 | 22.0
Transmutations | 2 4 |  4.0
Short Blades   | 8 |  8.0
Evocations     | 4 5 |  5.0

Action                   |  1- 3 |  4- 6 |  7- 9 | 10-12 | 13-15 | 16-18 | 19-21 || total
-------------------------+-------+-------+-------+-------+-------+-------+-------++-------
Melee: Unarmed           |    11 |       |       |       |       |       |       ||    11
       Dagger            |    17 |       |       |       |       |       |       ||    17
       Short sword       |     7 |    43 |   122 |     1 |       |       |       ||   173
       Punch             |       |     1 |     5 |       |       |       |       ||     6
       Pair of quick bla |       |       |       |       |       |    15 |    33 ||    48
 Fire: Sling             |    38 |    86 |    77 |       |       |       |       ||   201
       Triple crossbow   |       |       |    29 |       |       |       |       ||    29
       Longbow           |       |       |   117 |   566 |  1074 |  1572 |   164 ||  3493
 Cast: Freeze            |    48 |       |       |       |       |       |       ||    48
       Frozen Ramparts   |     3 |     7 |    19 |    20 |    60 |    46 |       ||   155
       Ozocubu's Armour  |     1 |    11 |    22 |    72 |   127 |   199 |    19 ||   451
       Wereblood         |       |       |       |       |     2 |     1 |       ||     3
  Use: Scroll            |       |     1 |    15 |    10 |    16 |     3 |       ||    45
       Potion            |       |     4 |     3 |     3 |     1 |    10 |     1 ||    22
 Stab: Sleeping          |     5 |       |     9 |       |       |       |       ||    14
       Distracted        |     1 |       |     1 |       |       |       |       ||     2
Armor: Robe              |     7 |    15 |    22 |       |       |       |       ||    44
       Steam dragon scal |       |       |    16 |    62 |   115 |   134 |     7 ||   334
Dodge: Dodged            |    34 |    40 |   174 |   220 |   515 |   809 |   136 ||  1928

Table legend: (Time is in decaauts)
 A = Elapsed time spent in this place.
 B = Non-inter-level travel time spent in this place.
 C = Inter-level travel time spent in this place.
 D = Time resting spent in this place.
 E = Time spent auto-exploring this place.
 F = Levels seen in this place.
 G = Mean time per level.
                   A        B        C        D        E       F      G
               +--------+--------+--------+--------+--------+-----+--------+
         Total |  50214 |  40191 |  10023 |  10323 |  14230 |  40 | 1255.3 |
       Dungeon |  20597 |  15618 |   4979 |   3475 |   8058 |  15 | 1373.1 |
        Temple |     81 |     70 |     11 |      0 |      0 |   1 |   81.0 |
          Lair |   8389 |   6413 |   1976 |   2095 |   2577 |   5 | 1677.8 |
         Swamp |   5149 |   4503 |    646 |   1398 |   1524 |   4 | 1287.2 |
   Spider Nest |   6747 |   5898 |    849 |   1906 |   1175 |   4 | 1686.8 |
  Orcish Mines |   2039 |   1466 |    573 |    329 |    187 |   2 | 1019.5 |
   Elven Halls |   4522 |   3536 |    986 |    646 |    372 |   3 | 1507.3 |
         Abyss |    293 |    293 |      0 |     63 |      0 |   2 |  146.5 |
         Sewer |    936 |    936 |      0 |    273 |    292 |   1 |  936.0 |
       Ossuary |    589 |    589 |      0 |      0 |     44 |   1 |  589.0 |
       Volcano |    349 |    349 |      0 |     37 |      0 |   1 |  349.0 |
      Gauntlet |    518 |    518 |      0 |     98 |      0 |   1 |  518.0 |
               +--------+--------+--------+--------+--------+-----+--------+

Top non-repeatable levels by time:
    D:11: 2872 daAuts
  Lair:1: 2059 daAuts
Spider:3: 1991 daAuts
   Elf:1: 1972 daAuts
     D:9: 1890 daAuts
    D:12: 1882 daAuts
  Lair:5: 1806 daAuts
  Lair:2: 1792 daAuts
  Lair:3: 1770 daAuts
    D:10: 1705 daAuts
Spider:1: 1690 daAuts
   Elf:2: 1689 daAuts
Spider:4: 1622 daAuts
 Swamp:1: 1525 daAuts
 Swamp:3: 1446 daAuts
